 Dungeon Crawl Stone Soup version 0.28.0 (webtiles) character file.

Game seed: 11839973040478445012

14 Morbidden the Firebug (level 2, 0/28 HPs)
             Began as a Demonspawn Fire Elementalist on Feb 7, 2022.
             Succumbed to an adder's poison
             ... on level 1 of the Dungeon.
             The game lasted 00:02:17 (1097 turns).

Morbidden the Firebug (DsFE)                        Turns: 1097, Time: 00:02:18

Health: 0/28       AC:  2    Str:  8    XL:     2   Next: 27%
Magic:  5/5        EV: 12    Int: 16    God:
Gold:   66         SH:  0    Dex: 13    Spells: 0/5 levels left

rFire   . . .      SeeInvis .   (no weapon)
rCold   . . .      Faith    .   (no shield)
rNeg    . . .      Spirit   .   a - +0 robe
rPois   .          Reflect  .   (no helmet)
rElec   .          Harm     .   (no cloak)
rCorr   .          Rampage  .   (no gloves)
Will    .....                   (no boots)
Stlth   ..........              (no amulet)
HPRegen 0.09/turn               (no ring)
MPRegen 0.09/turn               (no ring)

@: berserking, lethally poisoned (0 -> -6), very quick
A: weakness stinger 1
a: no special abilities


You were on level 1 of the Dungeon.
You visited 1 branch of the dungeon, and saw 2 of its levels.

You collected 66 gold pieces.

Inventory:

Armour
 a - a +0 robe (worn)
Magical Staves
 i - a staff of air
Scrolls
 b - 2 scrolls of identify {unknown}
 d - a scroll of brand weapon {unknown}
 e - a scroll of enchant armour {unknown}
 f - a scroll of acquirement {unknown}
 j - a scroll of teleportation {unknown}
Potions
 h - a potion of brilliance {unknown}


   Skills:
 * Level 0.2 Fighting
 * Level 2.0 Dodging
 + Level 1.9 Stealth
 * Level 2.1 Spellcasting
 * Level 1.2 Conjurations
 * Level 2.9 Fire Magic


You couldn't memorise any spells.
You knew the following spells:

 Your Spells              Type           Power      Damage    Failure   Level
a - Foxfire               Conj/Fire      32%        2x1d5     9%          1
b - Scorch                Fire           20%        2d6       10%         2
c - Static Discharge      Conj/Air       3%         N/A       24%         2

Your spell library contained the following spells:

 Spells                   Type           Power      Damage    Failure   Level
 Conjure Flame            Conj/Fire      8%         6-21      26%         3
 Inner Flame              Hex/Fire       6%         N/A       34%         3
 Flame Wave               Conj/Fire      8%         2d5       65%         4
 Sticky Flame             Conj/Fire      8%         2d3       65%         4
 Dispel Undead            Necr           1%         3d6       90%         4


Dungeon Overview and Level Annotations

Branches:
Dungeon (2/15)

Altars:

Shops:
D:1 *


Innate Abilities, Weirdness & Mutations

You have a small tail.


Message History

Casting: Foxfire (safe; 9% risk of failure)
Confirm with . or Enter, or press ? or * to list all spells.
You conjure some foxfire!
You feel sick.
You are no longer poisoned.
The adder bites you but does no damage.
Unknown command.
Unknown command.
It was a potion of magic.
Magic courses through your body.
The foxfire hits the adder.
The adder is heavily wounded.
The foxfire hits the adder.
The adder is severely wounded.
The adder bites you.
* * * LOW HITPOINT WARNING * * *
You are lethally poisoned!
The adder poisons you! The adder barely misses you.
It was a potion of berserk rage.
A red film seems to cover your vision as you go berserk!
You feel yourself moving faster!
You feel mighty!
You feel sick. The adder bites you.
* * * LOW HITPOINT WARNING * * *
You are more poisoned.
The adder poisons you!
Really attack while wielding nothing?
Okay, then.
Really attack while wielding nothing?
Okay, then.
Really attack while wielding nothing?
Okay, then.
Really attack while wielding nothing?
Okay, then.
Really attack while wielding nothing?
You barely miss the adder.
The adder is severely wounded.
* * * LOW HITPOINT WARNING * * *
You feel sick. The adder closely misses you.
Unknown command.
You barely miss the adder.
The adder is heavily wounded.
You die...

.......######..#.#..#.##+#.######
..............#...#.#.##+#)#
....................#......#
..............#....##......#
..............#............#
..............###........#.#
...###.....#......)........#
...#########....S####......#
..........##....@# #......#
..........##.....####......#
..........##..........#..#.#
..........#...........#..#.#
..........#................#
..........#................#
..........#....#####....>[.#
..........#...............##
....##...##...............#


You could see an adder.

Vanquished Creatures
  A bat (D:1)
  An endoplasm (D:1)
  3 hobgoblins
  2 quokkas (D:1)
  2 ball pythons (D:1)
  2 kobolds
  A rat (D:2)
12 creatures vanquished.

Vanquished Creatures (others)
  58 foxfires
58 creatures vanquished.

Grand Total: 70 creatures vanquished

Notes
Turn   | Place    | Note
-------+----------+-------------------------------------------
     0 | D:1      | Morbidden the Demonspawn Fire Elementalist began the quest
                  | for the Orb.
     0 | D:1      | Reached XP level 1. HP: 13/13 MP: 3/3
   238 | D:1      | Found Guigol's General Store.
   400 | D:1      | Gained mutation: You have a small tail. [demonic ancestry]
   400 | D:1      | Reached XP level 2. HP: 19/19 MP: 0/5
   521 | D:1      | Found a faded altar of an unknown god.
   935 | D:2      | Learned a level 2 spell: Scorch
  1034 | D:2      | Learned a level 2 spell: Static Discharge
  1096 | D:1      | HP: 1/28 [poisoned by an adder]
  1097 | D:1      | Succumbed to an adder's poison

Illustrated notes

Levels and vault maps discovered:
D:1:      mrwooster_arrival_statue_2, layout_basic,
          chequers_ecumenical_altar_simple, serial_shops,
          nicolae_shop_advertising_works [nicolae_subvault_shop_adworks],
          chequers_serial_rivers_large_b, minmay_tripent
D:2:      layout_rooms, basic_altar, hangedman_decor_slide_cut

Skill      XL: |  1 |
---------------+----+-----
Dodging        | 2 |  2.0
Fighting       | |  0.2
Stealth        | |  1.9
Spellcasting   | |  2.1
Conjurations   | |  1.2
Fire Magic     | |  2.9

Action                   || total
-------------------------++-------
Melee: Unarmed           ||     2
 Cast: Foxfire           ||    35
       Scorch            ||     1
  Use: Potion            ||     2
Armor: Robe              ||     1
Dodge: Dodged            ||     7
